AoeStats
← KIV.YourAddHere

Arabia

506366164Analyzed
1v1 RM · 18d ago on Sep 13, 2026· 19m 9s· 2 players
Game mode
Random Map
Map size
Tiny (2 player)
Population
200
Speed
Normal
Resources
Standard
Victory
Conquest
Starting age
Dark Age
Ending age
Imperial Age
RankedLock teamsTeams togetherTeam positionsShared explorationLock speedFull tech treeHidden civsTurbo modeCheats
Victory
Defeat
🇹🇷 Aztecs · Türkiye
1783
+15
🇩🇪 Khitans · Germany
1771
-15
KIV.YourAddHere
7:07 Loom
9:22 Feudal Age
13:15 Double-Bit Axe
15:59 Forging
17:07 Domestication
18:15 Forging
beadir
9:07 Loom
11:21 Feudal Age
14:36 Fletching
14:49 Man-at-Arms
16:10 Double-Bit Axe
16:36 Horse Collar
17:27 Arson
18:22 Padded Archer Armor
Connection lost

Rejoining the realm…

Still unreachable

The connection could not be restored.

Session expired

The server has moved on; the page needs a fresh start.